 Dungeon Crawl Stone Soup version 0.29-a0-214-g17f627cfee (webtiles) character file.

Game seed: 16227448143618201155

728 enile the Skirmisher (level 7, 0/67 (75) HPs)
             Began as an Octopode Conjurer on Feb 25, 2022.
             Slain by a wight
             ... wielding a +0 mace
              (1 damage)
             ... on level 5 of the Dungeon.
             The game lasted 00:08:05 (4726 turns).

enile the Skirmisher (Octopode Conjurer)            Turns: 4726, Time: 00:08:05

HP:   0/67 (75)     AC: 23    Str:  7    XL:     7   Next: 72%
MP:   13/13         EV:  2    Int: 28    God:
Gold: 130           SH:  0    Dex: 10    Spells: 11/14 levels left

rFire   + . .      SeeInvis +   k - +2 dagger (speed)
rCold   + + .      Faith    .   (no shield)
rNeg    . . .      Spirit   .   (helmet currently unavailable)
rPois   +          Reflect  .   (no amulet)
rElec   +          Harm     .   i - +6 ring of intelligence
rCorr   +          Rampage  .   q - ring of protection from cold
Will    .....      NoTele   +   o - ring of see invisible
Stlth   ++........              (no ring)
HPRegen 0.21/turn               (no ring)
MPRegen 0.13/turn               (no ring)
                                (no ring)
                                (no ring)

@: tree-form, resistant, heavily drained
A: stationary, stasis, torment immunity, boosted hp, almost no armour,
(amphibious), 8 rings, (camouflage 1), (gelatinous body 1), (nimble swimmer 1),
(tentacles), (tentacle spike 1), (fire resistance 1)
a: no special abilities


You were on level 5 of the Dungeon.
You were a tree.
You visited 1 branch of the dungeon, and saw 5 of its levels.

You collected 130 gold pieces.

Inventory:

Hand Weapons
 a - a +0 dagger
 j - a +0 war axe of protection
 k - a +2 dagger of speed (weapon)
Jewellery
 i - a +6 ring of intelligence (left branch)
 o - a ring of see invisible (on tentacle)
 q - a ring of protection from cold (right branch)
Scrolls
 d - 2 scrolls of fear
 e - a scroll of magic mapping
 l - 2 scrolls of amnesia
 m - a scroll of silence
 n - a scroll of enchant weapon
Potions
 c - 2 potions of lignification


   Skills:
 + Level 5.2 Fighting
 - Level 1.0 Short Blades
 - Level 2.0 Dodging
 - Level 4.0 Stealth
 - Level 4.0 Spellcasting
 - Level 5.0 Conjurations
 - Level 3.0 Evocations


You had 11 spell levels left.
You knew the following spells:

 Your Spells              Type           Power      Damage    Failure   Level
a - Magic Dart            Conj           100%       1d8       1%          1
b - Searing Ray           Conj           66%        2d6       1%          2

Your spell library contained the following spells:

 Spells                   Type           Power      Damage    Failure   Level
 Shock                    Conj/Air       76%        1d7       2%          1
 Animate Skeleton         Necr           10%        N/A       8%          1
 Apportation              Tloc           10%        N/A       8%          1
 Summon Small Mammal      Summ           20%        N/A       8%          1
 Dazzling Flash           Conj/Hex       38%        N/A       8%          3
 Stone Arrow              Conj/Erth      38%        3d9       8%          3
 Swiftness                Air            5%         N/A       22%         3
 Fulminant Prism          Conj/Hex       9%         3d7       26%         4
 Iskenderun's Mystic Bla  Conj/Tloc      19%        2d6       26%         4
 Airstrike                Air            2%         N/A       58%         4
 Lehudib's Crystal Spear  Conj/Erth      9%         10d4      100%        8
 Animate Armour           Summ/Erth      Unusable   N/A       N/A         4

Dungeon Overview and Level Annotations

Branches:
Dungeon (5/15)
 Temple: D:4-7

Altars:

Shops:
D:2 :   D:4 (

Annotations:
D:4 Blork the orc


Innate Abilities, Weirdness & Mutations

You are a tree.
Your roots penetrate the ground, keeping you stationary.
You cannot be teleported.
You are immune to unholy pain and torment.
Your maximum health is greatly increased.
You cannot wear most types of armour.
((You are amphibious.))
You can wear up to eight rings at the same time.
((Your skin changes colour to match your surroundings (Stealth+).))
((Your rubbery body absorbs attacks. (AC +1, EV +1)))
((You are camouflaged when in or above water. (Stealth+)))
((You have tentacles for arms and can constrict up to eight enemies at once.))
((One of your tentacles bears a spike.))
((Your flesh is heat resistant. (rF+)))


Message History

The wight hits your wight with a +5 hand axe!
The wight barely misses you. The wight barely misses your wight.
Your wight completely misses the wight.
As you read the scroll labelled DAOVUS OCUD, it crumbles to dust.
It is a scroll of brand weapon.
Your +0 war axe projects an invisible shield of force!
j - a +0 war axe of protection The wight hits you but does no damage.
The wight hits your wight with a +5 hand axe.
Your wight is destroyed!
The wight hits your wight but does no damage.
Your wight hits the wight with a +0 falchion of protection.
The wight is destroyed!
Training target 5.0 for Fighting reached!
Your Fighting skill increases to level 5!
You need to enable at least one skill for training.
As you read the scroll labelled XETA GIMIMPIPP, it crumbles to dust.
It is a scroll of enchant armour.
You aren't carrying any armour which can be enchanted further.
The wight hits you but does no damage.
Your wight completely misses the wight.
Press: ? - help, v - describe, . - travel, g - get item
Here: a wight, wielding a +5 hand axe and wearing a +0 robe
Items here: a +4 falchion; a +0 robe.
The floor.
What are your orders? t - Creak!
Orders for allies: a - Attack new target. r - Retreat! s - Stop attacking. g - Guard the area. f - Follow me.
Anything else - Cancel.
Gang up on whom?
Press: ? - help, Dir - move target, f - wight
Aim: a wight, wielding a +0 mace and wearing a +0 robe (ally target)
Okay, then.
Sorry, you're not good enough to have a special ability.
You hit the wight but do no damage. The wight hits you but does no damage.
The wight hits you with a +0 mace.
* * * LOW HITPOINT WARNING * * *
You feel drained.
You die...

........####....#
#§.........#..###
#.....z........#
..........#....##
.###..##..#.....####
z.#...#.........)..##
.........z..#...)...##
............#.#zz....#
..............##♣..###
...#.#...##....z....#
...#....##......#..##
...#....##...#####.##
#.......#....##.#...#
....z...[.........###
..z.........#.....#
............##...####
..........>(#........


You could see 2 wights and a friendly wight (charmed).

Vanquished Creatures
  Grinder (D:3)
  A centaur (D:4)
  A water moccasin skeleton (D:5)
  A jelly (D:4)
  2 howler monkeys
  A bullfrog skeleton (D:5)
  Natasha (D:3)
  A hound skeleton (D:4)
  3 gnolls (D:4)
  6 adders
  An ufetubus (D:4)
  An adder skeleton (D:4)
  A worm (D:3)
  3 dart slugs
  6 orcs
  6 bats
  4 endoplasms
  4 giant cockroaches
  7 goblins
  10 hobgoblins
  7 jackals
  4 kobolds
  5 quokkas
  8 ball pythons
  3 frilled lizards
  3 rats
91 creatures vanquished.

Vanquished Creatures (collateral kills)
  A wight (D:5)
1 creature vanquished.

Vanquished Creatures (others)
  A wight (D:5)
  An orc (D:5)
2 creatures vanquished.

Grand Total: 94 creatures vanquished

Notes
Turn   | Place    | Note
-------+----------+-------------------------------------------
     0 | D:1      | enile the Octopode Conjurer began the quest for the Orb.
     0 | D:1      | Reached XP level 1. HP: 11/11 MP: 3/3
   154 | D:1      | Reached skill level 1 in Fighting
   172 | D:1      | Reached XP level 2. HP: 10/18 MP: 0/5
   588 | D:1      | Learned a level 2 spell: Searing Ray
   824 | D:1      | Reached XP level 3. HP: 22/24 MP: 2/6
  1604 | D:2      | Found Xauseikh's Book Emporium.
  1729 | D:2      | Reached XP level 4. HP: 25/30 MP: 7/7
  2899 | D:3      | Noticed Grinder
  2900 | D:3      | Paralysed by Grinder for 3 turns
  2914 | D:3      | Killed Grinder
  2915 | D:3      | Reached skill level 1 in Short Blades
  2915 | D:3      | Reached XP level 5. HP: 28/36 MP: 1/10
  2915 | D:3      | Reached XP level 6. HP: 32/42 MP: 1/11
  3427 | D:3      | Noticed Natasha
  3431 | D:3      | Killed Natasha
  3669 | D:4      | Found Sih Etza's Weapon Boutique.
  4051 | D:4      | Noticed Blork the orc
  4144 | D:4      | Reached skill level 5 in Conjurations
  4144 | D:4      | Reached XP level 7. HP: 37/46 MP: 13/13
  4510 | D:5      | Entered Level 5 of the Dungeon
  4698 | D:5      | HP: 2/46 [wight/+0 falchion of protection (2)]
  4721 | D:5      | HP: 3/67 [wight/+4 falchion (6)]
  4722 | D:5      | Gained mutation: Your flesh is heat resistant. (rF+)
                  | [potion of mutation]
  4722 | D:5      | Gained mutation: One of your tentacles bears a spike.
                  | [potion of mutation]
  4725 | D:5      | Reached skill level 5 in Fighting
  4726 | D:5      | HP: 1/69 [wight/+0 mace (2)]
  4726 | D:5      | Slain by a wight

Illustrated notes

Levels and vault maps discovered:
D:1:      amcnicky_arrival_flooded_fountain, layout_basic, serial_rivers,
          chequers_serial_rivers_micro_c, chequers_serial_rivers_micro_a,
          chequers_serial_rivers_room_b, chequers_serial_rivers_micro_c,
          chequers_serial_rivers_small_3, chequers_serial_rivers_micro_b,
          moated_statue
D:2:      layout_rooms, serial_shops, nicolae_shop_behind_doors,
          minmay_misc_feat_more_columns, grunt_ministairs_6,
          serial_bayou_lagoon_a
D:3:      layout_loops_cross, uniq_natasha, uniq_grinder
D:4:      layout_gridville, minitemple, serial_shops, nicolae_square_shop,
          uniq_blork_the_orc
D:5:      layout_cave_pools, lemuel_temple_firewalk_a, serial_shops,
          nicolae_diamond_shop, uniq_eustachio

Skill      XL: |  1  2  3  4  5  6  7 |
---------------+----------------------+-----
Fighting       | 1 2 3 5 |  5.2
Stealth        | 3 4 |  4.0
Spellcasting   | 3 4 |  4.0
Short Blades   | 1 |  1.0
Evocations     | 3 |  3.0
Conjurations   | 5 |  5.0
Dodging        | |  2.0

Action                   |  1- 3 |  4- 6 |  7- 9 || total
-------------------------+-------+-------+-------++-------
Melee: Dagger            |    43 |    43 |    14 ||   100
       Constrict         |    12 |    11 |     4 ||    27
       Tentacles         |     7 |    14 |     6 ||    27
       War axe           |       |     8 |       ||     8
       Punch             |       |     3 |       ||     3
 Cast: Magic Dart        |    25 |    63 |    18 ||   106
       Searing Ray       |    11 |    10 |    12 ||    33
Evoke: Wand              |       |       |     6 ||     6
  Use: Scroll            |     2 |       |     7 ||     9
       Potion            |       |       |     5 ||     5
 Stab: Sleeping          |     2 |     3 |       ||     5
Armor: Skin              |    10 |     5 |    13 ||    28
Dodge: Dodged            |    34 |    33 |    16 ||    83

Table legend: (Time is in decaauts)
 A = Elapsed time spent in this place.
 B = Non-inter-level travel time spent in this place.
 C = Inter-level travel time spent in this place.
 D = Time resting spent in this place.
 E = Time spent auto-exploring this place.
 F = Levels seen in this place.
 G = Mean time per level.
                   A        B        C        D        E       F      G
               +--------+--------+--------+--------+--------+-----+--------+
         Total |   4713 |   4636 |     77 |    565 |   3439 |   5 |  942.6 |
       Dungeon |   4713 |   4636 |     77 |    565 |   3439 |   5 |  942.6 |
               +--------+--------+--------+--------+--------+-----+--------+

Top non-repeatable levels by time:
     D:3: 1410 daAuts
     D:1: 1350 daAuts
     D:2: 1016 daAuts
     D:4: 723 daAuts
     D:5: 212 daAuts
